 Dungeon Crawl Stone Soup version bcrawl-1.37.2 (webtiles) character file.

Game seed: 5236550259732348064

176719 Mehrunes the Skirmisher (level 5, 0/59 HPs)
             Began as an Ogre Fighter on Dec 23, 2022.
             Was an Initiate of the Shining One.
             Slain by a river rat (7 damage)
             ... in a sewer.
             The game lasted 00:02:47 (1978 turns).

Mehrunes the Skirmisher (Ogre Fighter)              Turns: 1978, Time: 00:02:47

Health: 0/59       AC:  3    Str: 25    XL:     5   Next: 52%
Magic:  5/5        EV: 10    Int:  9    God:    the Shining One [......]
Gold:   62         SH:  0    Dex:  9    Spells: 4/4 levels left

rFire    . . .     GDR:     21% a - +0 flail
rCold    . . .     SeeInvis .   (no shield)
rNeg     . . .     Gourm    .   b - +0 robe
rPois    .         Faith    .   (helmet restricted)
rElec    .         Spirit   .   (no cloak)
rCorr    .         Reflect  .   (gloves unavailable)
MR       .....                  (boots unavailable)
Stlth    +.........             (no amulet)
HPRegen  0.19/turn              (no ring)
MPRegen  0.09/turn              (no ring)

@: mighty, glowing
A: large, unfitting armour, tough skin 1
a: Renounce Religion


You were in a sewer.
You worshipped the Shining One.
The Shining One was noncommittal.
You were hungry.

You visited 1 branch of the dungeon, and saw 3 of its levels.
You also visited: Sewer.

You collected 62 gold pieces.

Inventory:

Hand Weapons
 a - a +0 flail (weapon)
Missiles
 h - 534 stones (quivered)
Armour
 b - a +0 robe (worn)
 c - a +0 medium shield
Scrolls
 i - 3 scrolls of identify
 j - a scroll of fog {unknown}
 m - 2 scrolls of teleportation {unknown}
Potions
 d - 2 potions of might
 f - a potion of invisibility {unknown}
 g - a potion of berserk rage {unknown}
 k - 2 potions of mutation {unknown}
 l - a potion of brilliance {unknown}
 n - 5 potions of curing {unknown}
 p - a potion of heal wounds {unknown}
Comestibles
 e - 2 rations {!d}
 o - a chunk of flesh


   Skills:
 + Level 5.7 Fighting
 * Level 5.6 Maces & Flails
 - Level 2.6 Dodging
 - Level 2.6 Shields


You had 4 spell levels left.
You didn't know any spells.
Your spell library was empty.

Dungeon Overview and Level Annotations

Branches:
Dungeon (3/12)

Altars:
The Shining One


Innate Abilities, Weirdness & Mutations

You are too large for most types of armour.
You have tough skin. (AC +1)


Message History

You closely miss the river rat.
The river rat is moderately wounded.
The river rat barely misses you.
You barely miss the river rat.
The river rat is moderately wounded.
The river rat bites you!
* * * LOW HITPOINT WARNING * * *
You barely miss the river rat.
The river rat is moderately wounded.
The river rat bites you but does no damage.
You closely miss the river rat.
The river rat is moderately wounded.
The river rat barely misses you.
The rat twitches its whiskers.
The river rat bites you!
* * * LOW HITPOINT WARNING * * *
You barely miss the river rat.
The river rat is moderately wounded.
The river rat bites you!
You die...

#≈≈≈≈≈≈≈≈≈≈≈≈.≈......≈.≈≈≈≈≈≈≈≈≈≈
#≈≈≈≈≈≈≈≈≈≈≈≈≈...r.....≈≈.≈≈≈...≈
#................†..............≈
'............................†...
#.........................##.....
#...............##.......#####...
###..###......#####..##...######.
#### ##...######..#####..∩# ##
##### #@rr## ##### #####


You could see a river rat and a rat.

Vanquished Creatures
  A kobold brigand (Sewer)
  3 adders
  3 river rats (Sewer)
  2 worms
  2 dart slugs (D:1)
  A leopard gecko (D:2)
  A ball python (Sewer)
  4 giant cockroaches
  5 goblins
  3 hobgoblins
  A bat (D:2)
  2 frilled lizards
  6 kobolds
  12 rats
46 creatures vanquished.

Notes
Turn   | Place    | Note
-------+----------+-------------------------------------------
     0 | D:1      | Mehrunes the Ogre Fighter began the quest for the Orb.
     0 | D:1      | Reached XP level 1. HP: 24/24 MP: 1/1
   201 | D:1      | Reached XP level 2. HP: 29/33 MP: 2/2
   851 | D:2      | Reached XP level 3. HP: 38/40 MP: 3/3
  1327 | D:2      | Found a glowing golden altar of the Shining One.
  1339 | D:2      | Became a worshipper of the Shining One
  1531 | D:3      | Found a glowing drain.
  1552 | Sewer    | Entered a sewer
  1583 | Sewer    | Reached skill level 5 in Fighting
  1583 | Sewer    | Reached XP level 4. HP: 29/50 MP: 4/4
  1858 | Sewer    | Noticed a kobold brigand
  1884 | Sewer    | Killed a kobold brigand
  1885 | Sewer    | Reached skill level 5 in Maces & Flails
  1885 | Sewer    | Reached XP level 5. HP: 57/57 MP: 5/5
  1978 | Sewer    | Slain by a river rat

Skill      XL: |  1  2  3  4 |
---------------+-------------+-----
Maces & Flails | 3 4 5 |  5.6
Fighting       | 5 |  5.7
Dodging        | |  2.6
Shields        | |  2.6

Action                   |  1- 3 |  4- 6 || total
-------------------------+-------+-------++-------
Melee: Flail             |   110 |    67 ||   177
  Use: Potion            |       |     2 ||     2
  Eat: Chunk             |     5 |     3 ||     8
Armor: Robe              |    27 |    13 ||    40
Dodge: Dodged            |    65 |    46 ||   111
